 Dungeon Crawl Stone Soup version 0.17.0-28-g6e173f8 (webtiles) character file.

911 4thArraOfDagon the Cleaver (level 7, -12/63 HPs)
             Began as a Minotaur Berserker on Nov 22, 2015.
             Was a Believer of Trog.
             Mangled by an orc warrior
             ... wielding a +0 glaive
              (13 damage)
             ... on level 11 of the Dungeon.
             The game lasted 00:07:24 (1250 turns).

4thArraOfDagon the Cleaver (Minotaur Berserker)     Turns: 1250, Time: 00:07:25

Health: -12/63     AC:  7    Str: 22    XL:     7   Next: 82%
Magic:  2/7        EV: 11    Int:  6    God:    Trog [**....]
Gold:   269        SH:  0    Dex:  9    Spells: 0 memorised, 6 levels left

rFire  . . .     SeeInvis .     m - +0 war axe
rCold  . . .     Clarity  .     a - +0 ring mail
rNeg   . . .     SustAt   .     (no shield)
rPois  .         Gourm    .     (helmet restricted)
rElec  .         Spirit   .     (no cloak)
rCorr  .         Warding  .     g - +0 pair of gloves
rMut   .         Rnd*Tele +     (no boots)
MR     ++...                    (no amulet)
Stlth  ..........               (no ring)
                                B - ring of teleportation

@: about to teleport, regenerating, very resistant to hostile enchantments,
extremely unstealthy
A: retaliatory headbutt, horns 2
a: Berserk, Trog's Hand, Burn Spellbooks, Renounce Religion, Evoke Teleportation


You were on level 11 of the Dungeon.
You worshipped Trog.
Trog was pleased with you.
You were very hungry.

You visited 1 branch of the dungeon, and saw 11 of its levels.
You also visited: Ossuary.

You collected 269 gold pieces.

Inventory:

Hand Weapons
 m - a +0 war axe (weapon)
 D - a cursed -1 war axe
Armour
 a - a +0 ring mail (worn)
 g - a +0 pair of gloves (worn)
Jewellery
 j - an uncursed amulet of resist mutation
 B - a ring of teleportation (left hand)
Wands
 A - a wand of fire (7)
 F - a wand of cold (7)
Scrolls
 e - a scroll of remove curse
 k - a scroll of teleportation {unknown}
 l - 2 scrolls of enchant armour {unknown}
 o - 2 scrolls of identify {unknown}
 p - a scroll of enchant weapon {unknown}
 q - a scroll of immolation {unknown}
 r - a scroll of noise {unknown}
 s - a scroll of silence
 v - 2 scrolls of random uselessness {unknown}
 y - 2 scrolls of fear {unknown}
 z - a scroll of amnesia {unknown}
Potions
 b - a potion of mutation {unknown}
 d - 3 potions of brilliance {unknown}
 h - a potion of flight {unknown}
 i - a potion of beneficial mutation {unknown}
 u - 4 potions of curing
 w - a potion of might {unknown}
 x - 2 potions of agility {unknown}
 G - 2 potions of lignification {unknown}
Books
 t - a book of Party Tricks

   Spells                             Type                      Level
   a - Summon Butterflies             Summoning                    1
   b - Apportation                    Translocation                1
   c - Tukima's Dance                 Hexes                        3
   d - Alistair's Intoxication        Transmutation/Poison         4
   e - Invisibility                   Hexes                        6
   Trog disapproves of the use of such an item.
Miscellaneous
 C - a lamp of fire (inert)
Comestibles
 c - 3 bread rations
 f - a beef jerky


   Skills:
 + Level 6.3 Fighting
 * Level 8.3 Axes
 + Level 5.6 Armour
 - Level 2.1 Dodging
 + Level 1.5 Evocations


You had 6 spell levels left.
You didn't know any spells.

Dungeon Overview and Level Annotations

Branches:
Dungeon (11/15)
 Temple: D:4-7         Lair: D:8-11         Orc: D:9-12

Altars:
Trog

Annotations:
D:9 Psyche
D:10 Urug


Innate Abilities, Weirdness & Mutations

You reflexively headbutt those who attack you in melee.
You have a pair of horns on your head.


Message History

A crocodile and an orc warrior come into view.
Unknown command.
Unknown command.
You closely miss the orc warrior. You barely miss the orc priest.
The orc warrior shouts!
You hit the orc warrior.
The orc warrior is moderately wounded.
You hit the orc but do no damage. You slash the orc!
You kill the orc!
Trog accepts your kill.
You feel the effects of Trog's Hand fading.
The orc warrior hits you with a hand axe!
The orc priest hits you.
The orc priest mumbles some strange prayers to Beogh against you.
Something smites you!
* * * LOW HITPOINT WARNING * * *
The orc warrior hits you with a long sword!
* * * LOW HITPOINT WARNING * * *
The orc warrior hits you from afar with a glaive!
You die... 8

≈8≈
≈≈.§###########
#...)ooo....
#o.o@ooo....
.t....oooo...8o
≈;##.....o.....
#.........o.
.'###########
##### 8≈≈ ≈≈≈≈≈
8≈≈ ≈≈≈≈≈ ..
.... .###


You could see 6 orc warriors, a crocodile, an electric eel, 2 orc priests and 7
orcs.

Vanquished Creatures
  The ghost of chonchonts the Chopper, an amateur MiFi of Okawaru (D:4)
  An orc warrior (D:9)
  An ogre (D:11)
  2 phantoms
  A scorpion (D:6)
  2 orc priests
  A hound (D:11)
  A worker ant (D:8)
  A big kobold zombie (Ossuary)
  8 mummies (Ossuary)
  5 adders
  A shadow imp (D:5)
  A worm (D:2)
  2 giant geckos
  19 orcs
  A bat (D:2)
  2 gnoll zombies (Ossuary)
  A hobgoblin (D:1)
  3 jackals (D:2)
  A ball python (D:2)
  A giant newt (D:2)
  A hobgoblin zombie (Ossuary)
  2 kobolds
  2 kobold zombies (Ossuary)
  2 orc zombies (Ossuary)
  A quokka (D:2)
64 creatures vanquished.

Vanquished Creatures (collateral kills)
  A wasp (D:9)
1 creature vanquished.

Grand Total: 65 creatures vanquished

Notes
Turn   | Place    | Note
--------------------------------------------------------------
     0 | D:1      | 4thArraOfDagon the Minotaur Berserker began the quest for the Orb.
     0 | D:1      | Reached XP level 1. HP: 19/19 MP: 0/0
    65 | D:2      | Reached skill level 4 in Axes
    65 | D:2      | Reached XP level 2. HP: 17/27 MP: 1/1
   200 | D:3      | Found a bloodstained altar of Trog.
   209 | D:2      | Reached XP level 3. HP: 12/33 MP: 2/2
   236 | D:3      | Reached ** piety under Trog
   239 | D:3      | Reached skill level 5 in Axes
   239 | D:3      | Reached XP level 4. HP: 19/40 MP: 3/3
   368 | D:4      | Noticed chonchonts's ghost (amateur MiFi)
   387 | D:4      | Killed chonchonts's ghost
   387 | D:4      | Reached skill level 5 in Fighting
   387 | D:4      | Reached skill level 6 in Axes
   387 | D:4      | Reached XP level 5. HP: 36/48 MP: 4/4
   419 | D:4      | Reached XP level 6. HP: 38/56 MP: 5/5
   431 | D:5      | Entered Level 5 of the Dungeon
   654 | D:6      | Reached skill level 7 in Axes
   744 | D:8      | Found a sand-covered staircase.
   751 | Ossuary  | Entered an ossuary
   772 | Ossuary  | Reached XP level 7. HP: 47/61 MP: 6/6
   798 | Ossuary  | Reached skill level 5 in Armour
  1028 | D:9      | Reached skill level 1 in Evocations
  1056 | D:9      | Noticed Psyche
  1073 | D:9      | Reached skill level 8 in Axes
  1129 | D:10     | Entered Level 10 of the Dungeon
  1137 | D:10     | Noticed Urug
  1250 | D:11     | HP: 1/63 [orc warrior/long sword (10)]
  1250 | D:11     | Mangled by an orc warrior

Action                   |  1- 3 |  4- 6 |  7- 9 || total
-------------------------+-------+-------+-------++-------
Melee: Hand axe          |    28 |       |       ||    28
       War axe           |     7 |    55 |    27 ||    89
Invok: Berserk           |     3 |     2 |     3 ||     8
       Trog's Hand       |       |     1 |     3 ||     4
 Abil: Evoke Teleportati |       |       |     4 ||     4
Evoke: Lamp of fire      |       |       |     1 ||     1
  Use: Potion            |     3 |       |     4 ||     7
       Scroll            |       |       |     2 ||     2
  Eat: Chunk             |       |     5 |     5 ||    10
